 Dungeon Crawl Stone Soup version 0.23.2-1-ga50397a (webtiles) character file.

Game seed: 6779437029147177648

30 rabbit the Magician (level 3, 16/16 HPs)
             Began as a Spriggan Wizard on Feb 13, 2019.
             Quit the game on level 2 of the Dungeon on Apr 17, 2019.
             The game lasted 00:10:05 (1530 turns).

rabbit the Magician (Spriggan Wizard)               Turns: 1530, Time: 00:10:06

Health: 16/16      AC:  3    Str:  3    XL:     3   Next: 5%
Magic:  19/19      EV: 18    Int: 20    God:
Gold:   80         SH:  0    Dex: 14    Spells: 11/12 levels left

rFire    . . .     SeeInvis +   i - +0 spear (curse)
rCold    . . .     Gourm    .   (shield restricted)
rNeg     . . .     Faith    .   e - +0 robe
rPois    .         Spirit   .   g - +1 hat
rElec    .         Reflect  .   (no cloak)
rCorr    .         Harm     .   (gloves unavailable)
MR       .....                  (boots unavailable)
Stlth    ++........             (no amulet)
HPRegen  0.05/turn              h - ring of magical power
MPRegen  0.16/turn              (no ring)

@: very quick
A: very small, unfitting armour, see invisible, herbivore, speed 3, slow
metabolism 2
a: no special abilities


You were on level 2 of the Dungeon.
You were not hungry.

You visited 1 branch of the dungeon, and saw 2 of its levels.

You collected 80 gold pieces.

Inventory:

Hand Weapons
 a - a +0 dagger
 b - a +0 dagger
 i - a cursed +0 spear (weapon)
Missiles
 j - 7 stones (quivered)
Armour
 e - a +0 robe (worn)
 g - a +1 hat (worn)
Jewellery
 h - a ring of magical power (left hand)
Comestibles
 d - a ration


   Skills:
 + Level 3.3 Dodging
 + Level 3.4 Stealth
 + Level 5.0 Spellcasting
 + Level 0.8 Conjurations
   Level 0.7 Summonings
   Level 1.5 Translocations


You had 11 spell levels left.
You knew the following spells:

 Your Spells              Type           Power        Failure   Level  Hunger
a - Magic Dart            Conj           #...         9%          1    None

Your spell library contained the following spells:

 Spells                   Type           Power        Failure   Level  Hunger
 Blink                    Tloc           N/A          10%         2    None
 Call Imp                 Summ           #.......     13%         2    None
 Slow                     Hex            #.......     17%         2    None
 Conjure Flame            Conj/Fire      #.......     28%         3    ##.....
 Mephitic Cloud           Conj/Pois/Air  #.......     30%         3    ##.....


Dungeon Overview and Level Annotations

Branches:
Dungeon (2/15)

Altars:


Innate Abilities, Weirdness & Mutations

You are very small and have problems with some larger weapons.
You are too small for most types of armour.
You have supernaturally acute eyesight. (SInv)
You are a herbivore.
You cover ground extremely quickly.
You need to consume almost no food.


Message History

The kobold is severely wounded.
The kobold hits you.
You barely miss the kobold.
The kobold is severely wounded.
The kobold hits you but does no damage.
You closely miss the kobold.
The kobold is severely wounded.
The kobold closely misses you.
You hit the kobold.
You kill the kobold!
j - 7 stones (gained 3)
There is a stone staircase leading down here.
You start resting.
HP restored.
You climb downwards.
There is a stone staircase leading up here.
Sorry, I don't know how to traverse that place.
Welcome back, rabbit the Spriggan Wizard.
Press ? for a list of commands and other information.
Are you sure you want to abandon this character and quit the game? (Confirm with "yes".)

#..# #..#
#..# #..#
#..#
######..#
........#
#@# ###


There were no monsters in sight!

Vanquished Creatures
  A dart slug (D:1)
  A leopard gecko (D:1)
  2 bats (D:1)
  A giant cockroach (D:1)
  3 goblins (D:1)
  5 hobgoblins
  4 kobolds (D:1)
  4 frilled lizards (D:1)
  4 rats (D:1)
25 creatures vanquished.

Notes
Turn   | Place    | Note
-------+----------+-------------------------------------------
     0 | D:1      | rabbit the Spriggan Wizard began the quest for the Orb.
     0 | D:1      | Reached XP level 1. HP: 9/9 MP: 6/6
   284 | D:1      | Reached XP level 2. HP: 13/13 MP: 2/8
  1076 | D:1      | Upgraded the game from 0.23.0 to 0.23.2-1-ga50397a
  1127 | D:1      | Reached XP level 3. HP: 16/16 MP: 10/10
  1198 | D:2      | Reached skill level 5 in Spellcasting
  1530 | D:2      | Quit the game

Skill      XL: |  1  2  3 |
---------------+----------+-----
Spellcasting   | 5 |  5.0
Dodging        | |  3.3
Stealth        | |  3.4
Conjurations   | |  0.8
Summonings     | |  0.7
Translocations | |  1.5

Action                   || total
-------------------------++-------
Melee: Dagger            ||    11
       Spear             ||    36
 Cast: Magic Dart        ||    52
  Use: Scroll            ||     2
 Stab: Sleeping          ||     2
  Eat: Ration            ||     1
Armor: Robe              ||     3
Dodge: Dodged            ||    40
